 Dungeon Crawl Stone Soup version 0.27.0-1-g7a089689b8 (webtiles) character file.

Game seed: 12069403943036543928

181 horus123 the Conjurer (level 5, -2/28 HPs)
             Began as a Deep Elf Conjurer on Aug 5, 2021.
             Was an Initiate of Makhleb.
             Slain by a centaur zombie (3 damage)
             ... on level 4 of the Dungeon.
             The game lasted 00:09:11 (3183 turns).

horus123 the Conjurer (Deep Elf Conjurer)           Turns: 3183, Time: 00:09:11

Health: -2/28      AC:  2    Str:  4    XL:     5   Next: 34%
Magic:  2/14       EV: 12    Int: 24    God:    Makhleb [......]
Gold:   170        SH:  0    Dex: 13    Spells: 8/14 levels left

rFire    . . .     SeeInvis .   i - +4 trident (freeze)
rCold    . . .     Faith    .   (no shield)
rNeg     . . .     Spirit   .   a - +0 robe
rPois    .         Reflect  .   (no helmet)
rElec    .         Harm     .   (no cloak)
rCorr    +         Rampage  .   (no gloves)
Will     .....                  (no boots)
Stlth    ++........             (no amulet)
HPRegen  0.09/turn              b - ring of resist corrosion
MPRegen  0.14/turn              (no ring)

@: no status effects
A: no striking features
a: Renounce Religion


You were on level 4 of the Dungeon.
You worshipped Makhleb.
Makhleb was noncommittal.
You visited 1 branch of the dungeon, and saw 4 of its levels.

You collected 170 gold pieces.

Inventory:

Hand Weapons
 i - a +4 trident of freezing (weapon)
Armour
 a - a +0 robe (worn)
Jewellery
 b - a ring of resist corrosion (left hand)
Scrolls
 c - a scroll of fog {unknown}
 d - 2 scrolls of blinking
 f - a scroll of summoning
Potions
 e - 2 potions of curing {unknown}
 k - a potion of might {unknown}
 n - a potion of heal wounds {unknown}


   Skills:
 + Level 2.7 Dodging
 + Level 3.2 Stealth
 + Level 5.4 Spellcasting
 + Level 5.8 Conjurations
 + Level 0.1 Hexes


You had 8 spell levels left.
You knew the following spells:

 Your Spells              Type           Power      Damage    Failure   Level
a - Magic Dart            Conj           100%       1d8       1%          1
b - Searing Ray           Conj           68%        3d5       1%          2
c - Dazzling Flash        Conj/Hex       40%        N/A       8%          3

Your spell library contained the following spells:

 Spells                   Type           Power      Damage    Failure   Level
 Fulminant Prism          Conj/Hex       10%        3d9       26%         4
 Iskenderun's Mystic Bla  Conj/Tloc      20%        2d6       26%         4


Dungeon Overview and Level Annotations

Branches:
Dungeon (4/15)
 Temple: D:4-7

Altars:
Kikubaaqudgha
Makhleb
Qazlal
Zin
The Shining One


Message History

The gnoll is severely wounded.
The searing ray hits the gnoll!
You kill the gnoll!
Makhleb accepts your kill. The centaur zombie hits you.
The centaur zombie barely misses you. The centaur zombie hits you.
The centaur zombie misses you.
The searing ray hits the gnoll!
You kill the gnoll!
Makhleb accepts your kill.
You finish channeling your searing ray.
The centaur zombie hits you. The centaur zombie kicks you.
The centaur zombie hits you. The centaur zombie kicks you.
Casting: Searing Ray (safe; 1% risk of failure)
Confirm with . or Enter, or press ? or * to list all spells.
Aiming: Searing Ray (safe; 1% risk of failure)
Press: ? - help, Shift-Dir - straight line, f - centaur zombie
Aim: a centaur zombie (100% to hit)
The searing ray hits the centaur zombie!
The centaur zombie is moderately damaged. (Press . to maintain the ray.)
The centaur zombie closely misses you. The centaur zombie barely misses you.
The searing ray hits the centaur zombie!
The centaur zombie is heavily damaged.
The centaur zombie misses you. The centaur zombie kicks you.
* * * LOW HITPOINT WARNING * * *
The searing ray hits the centaur zombie!
The centaur zombie is severely damaged.
The centaur zombie hits you.
* * * LOW HITPOINT WARNING * * *
The centaur zombie barely misses you. The centaur zombie misses you.
The centaur zombie kicks you.
* * * LOW HITPOINT WARNING * * *
The searing ray hits the centaur zombie!
The centaur zombie is almost destroyed.
You finish channeling your searing ray.
The centaur zombie hits you.
* * * LOW HITPOINT WARNING * * *
The centaur zombie kicks you.
* * * LOW HITPOINT WARNING * * *
The centaur zombie hits you.
You die...

##.####.##### #.
#...........+ ...
#...........# ....
+...........# .g
.... ##+####.###+#
..#
.##..###.##..###..#
..........#....)..+
..........#..>)...#
.........##@.!#
.##..##..##Z..#
##..##..##...#
#............#
#............#
##..#...####.#
######.# .# ... ..
#... ...


You could see a gnoll (wandering) and a centaur zombie.

Vanquished Creatures
  A howler monkey (D:4)
  A jelly (D:4)
  2 gnolls (D:4)
  An adder (D:3)
  5 dart slugs
  A worm (D:3)
  5 orcs
  3 ball pythons
  7 bats
  4 endoplasms
  3 giant cockroaches
  4 goblins
  7 hobgoblins
  11 jackals
  3 quokkas
  2 frilled lizards
  A kobold (D:3)
  4 rats
65 creatures vanquished.

Notes
Turn   | Place    | Note
-------+----------+-------------------------------------------
     0 | D:1      | horus123 the Deep Elf Conjurer began the quest for the Orb.
     0 | D:1      | Reached XP level 1. HP: 10/10 MP: 6/6
   232 | D:1      | Reached XP level 2. HP: 15/15 MP: 1/8
   295 | D:1      | Learned a level 2 spell: Searing Ray
   371 | D:1      | Reached skill level 5 in Conjurations
   955 | D:1      | Reached XP level 3. HP: 19/19 MP: 6/9
  1006 | D:1      | Learned a level 3 spell: Dazzling Flash
  1190 | D:1      | Found a faded altar of an unknown god.
  1890 | D:2      | Found a glowing golden altar of the Shining One.
  2174 | D:3      | Found a burning altar of Makhleb.
  2267 | D:3      | Became a worshipper of Makhleb the Destroyer
  2298 | D:3      | Reached XP level 4. HP: 24/24 MP: 7/11
  2372 | D:3      | Found a stormy altar of Qazlal.
  2470 | D:3      | Found an ancient bone altar of Kikubaaqudgha.
  3063 | D:4      | Found a glowing golden altar of the Shining One.
  3080 | D:4      | Found a glowing silver altar of Zin.
  3100 | D:4      | Reached skill level 5 in Spellcasting
  3100 | D:4      | Reached XP level 5. HP: 28/28 MP: 9/14
  3182 | D:4      | HP: 1/28 [centaur zombie (2)]
  3183 | D:4      | Slain by a centaur zombie

Illustrated notes

Levels and vault maps discovered:
D:1:      shiori_arrival_maze, layout_basic, shapermc_ecumenical_altar_petra
D:2:      layout_rooms, basic_altar, minmay_misc_feat_rows, serial_bayou_pond_b,
          serial_bayou_lagoon_b
D:3:      layout_basic, mainiacjoe_overflow_concentric_impassable,
          mainiacjoe_overflow_tiny_flanked, mainiacjoe_overflow_alcove_1
D:4:      layout_gridville, lemuel_crystal_altar, tso_metal_star, uniq_menkaure

Skill      XL: |  1  2  3  4 |
---------------+-------------+-----
Conjurations   | 5 |  5.8
Stealth        | 3 |  3.2
Spellcasting   | 5 |  5.4
Dodging        | |  2.7
Hexes          | |  0.1

Action                   |  1- 3 |  4- 6 || total
-------------------------+-------+-------++-------
Melee: Trident           |       |     6 ||     6
 Cast: Magic Dart        |    90 |    19 ||   109
       Searing Ray       |     8 |     6 ||    14
       Dazzling Flash    |       |     2 ||     2
  Use: Scroll            |       |     9 ||     9
Armor: Robe              |     1 |     1 ||     2
Dodge: Dodged            |     9 |    12 ||    21
